Map: Catalyst LE

Players

OnlySentries

  • Race: Protoss Protoss
  • League: Diamond
  • Spawn Location: 5:00

Panterek - Winner!

  • Race: Terran Terran
  • League: Diamond
  • Spawn Location: 11:00

VOD

Have the link to the VOD?

Description

Time

  • Played on: July 25, 2018, 4:22 p.m.
  • Length: 5:32
Show
View Real Time Build Order
Export as new Build Order

OnlySentries Protoss 

Build Orders: 1 Gate Expand 

Get SALT Encoding   

  12  0:02  Probe  
  13  0:14  Probe  
  13  0:20  Pylon  
  14  0:26  Probe  
  15  0:34  Probe  
  15  0:42  Probe, Gateway  
  17  0:50  Assimilator  
  17  0:53  Probe  
  18  1:05  Probe  
  19  1:17  Probe  
  20  1:27  Nexus  
  20  1:37  Cybernetics Core  
  20  1:39  Probe  
  21  1:46  Assimilator  
  21  1:51  Probe  
  22  1:55  Pylon  
  22  2:04  Stalker  
  22  2:15  Warp Gate  
  24  2:30  Stalker  
  26  2:43  Twilight Council  
  26  2:45  Probe  
  26  2:48  Probe  
  28  2:53  Stalker  
  28  2:57  Probe  
  27  3:00  Probe  
  29  3:09  Probe  
  22  3:30  Shield Battery  
  22  3:34  Probe  
  23  3:53  Gateway  
  19  4:20  Gateway  
  19  4:27  Zealot  
  21  4:34  Shield Battery  
  15  4:54  Probe x2  
  10  5:24  Stalker  
Show
View Real Time Build Order
Export as new Build Order

Panterek Terran - Winner!

Build Orders:  

Get SALT Encoding   

  12  0:01  SCV  
  13  0:17  Supply Depot  
  13  0:21  SCV  
  14  0:40  Barracks  
  14  0:47  Barracks  
  14  0:53  SCV  
  15  0:58  Refinery  
  15  1:05  SCV  
  16  1:17  SCV  
  17  1:33  Barracks Tech Lab  
  17  1:34  Orbital Command  
  17  1:35  Marine  
  18  1:47  Supply Depot  
  18  1:58  Marauder  
  18  2:00  Marine, Concussive Shells  
  21  2:11  SCV  
  22  2:19  Marauder  
  22  2:22  Supply Depot  
  24  2:33  SCV  
  24  2:34  Barracks Reactor  
  25  2:41  Marauder  
  27  2:45  SCV  
  28  2:58  Bunker  
  28  3:00  SCV  
  28  3:02  Marine  
  29  3:19  Marine x2  
  30  3:20  Marauder  
  29  3:34  SCV  
  29  3:37  Marine x2  
  32  3:41  Marauder  
  32  3:47  SCV  
  35  3:55  Marine x2  
  37  3:59  SCV  
  38  4:07  Marauder  
  35  4:18  Marine x2  
  37  4:28  Marauder  
  38  4:32  Command Center  
  34  4:49  Marauder  
  32  4:53  Marine  
  32  4:54  Marine  
  33  5:06  SCV  
  34  5:10  Marine  
  34  5:11  Marine x2  
Tags
 
Add a new tag
Caveats
  • Supply blocks, unpowered buildings, or Contaminate may cause inaccurate times.
  • Supply counts are checked every 10 seconds.